Map: Eternal Empire LE

Players

Serral - Winner!

  • Race: Zerg Zerg
  • League: Master
  • Spawn Location: 1:00

Reynor

  • Race: Zerg Zerg
  • League: Master
  • Spawn Location: 7:00

Event: DreamHack SC2 Masters 2020 Fall

VOD

Have the link to the VOD?

Description

Time

  • Played on: Sept. 13, 2020, 2:25 p.m.
  • Length: 12:04

All games in this series

Show
View Real Time Build Order
Export as new Build Order

Serral Zerg - Winner!

Build Orders: Hatch First 

Get SALT Encoding   

  12  0:00  Drone  
  13  0:12  Overlord  
  13  0:17  Drone  
  14  0:30  Drone x2  
  16  0:49  Hatchery  
  15  0:52  Drone  
  15  0:56  Drone  
  17  0:59  Drone  
  18  1:10  Extractor  
  17  1:14  Spawning Pool  
  17  1:17  Drone  
  17  1:20  Drone  
  18  1:27  Drone  
  19  1:39  Drone  
  20  1:49  Drone  
  21  2:00  Overlord  
  21  2:01  Queen x2  
  21  2:02  Zergling x2  
  26  2:10  Metabolic Boost  
  26  2:11  Drone  
  26  2:12  Drone  
  28  2:21  Drone  
  28  2:22  Drone  
  30  2:35  Hatchery  
  30  2:36  Drone  
  30  2:39  Drone  
  31  2:46  Queen  
  33  2:51  Baneling Nest  
  33  2:55  Overlord  
  33  2:58  Drone  
  33  3:00  Zergling x2  
  33  3:03  Drone  
  33  3:05  Drone  
  36  3:13  Drone x4  
  36  3:18  Overlord  
  40  3:22  Zergling x2  
  40  3:23  Zergling x2  
  40  3:25  Zergling x2  
  43  3:27  Drone  
  44  3:35  Evolution Chamber  
  44  3:37  Drone x2  
  44  3:41  Drone x3  
  48  3:43  Drone  
  49  3:48  Drone  
  49  3:49  Drone  
  49  3:51  Lair  
  49  3:54  Extractor  
  49  3:56  Overlord  
  49  3:58  Zergling x2  
  49  4:00  Drone  
  51  4:03  Zerg Missile Weapons Level 1  
  51  4:05  Drone  
  51  4:08  Drone x2  
  54  4:13  Drone x3, Extractor  
  56  4:21  Zergling x2  
  56  4:22  Drone, Roach Warren  
  56  4:23  Drone  
  58  4:25  Drone  
  58  4:28  Overlord  
  58  4:31  Baneling  
  59  4:32  Drone x2  
  59  4:34  Zergling x4  
  59  4:36  Baneling  
  59  4:38  Baneling  
  62  4:41  Drone, Extractor  
  62  4:42  Drone  
  62  4:45  Baneling  
  63  4:48  Drone x2  
  63  4:50  Drone  
  63  4:52  Drone x3  
  69  4:53  Drone x2  
  69  4:54  Drone  
  69  4:57  Overlord  
  72  5:04  Drone  
  72  5:05  Drone, Spire  
  73  5:12  Overlord  
  73  5:16  Overlord  
  73  5:17  Drone, Extractor  
  73  5:18  Extractor  
  73  5:19  Drone  
  73  5:20  Overlord  
  72  5:22  Drone x3  
  72  5:25  Glial Reconstitution  
  72  5:27  Roach x3  
  80  5:29  Drone  
  80  5:35  Roach x3  
  86  5:43  Drone  
  86  5:44  Drone  
  86  5:45  Drone  
  86  5:48  Overlord  
  89  5:50  Overlord, Hatchery  
  88  5:57  Roach  
  88  5:58  Roach x3  
  95  6:06  Overlord  
  93  6:12  Zerg Missile Weapons Level 2  
  93  6:16  Mutalisk  
  93  6:17  Mutalisk  
  93  6:18  Mutalisk x3  
  99  6:21  Roach x2, Unknown  
  99  6:22  Roach  
  99  6:25  Roach x2  
  112  6:28  Overlord  
  112  6:30  Roach x3  
  118  6:36  Drone x3  
  118  6:38  Roach x2  
  118  6:39  Roach  
  127  6:46  Roach  
  122  6:47  Roach x2  
  122  6:49  Mutalisk  
  122  6:52  Roach x4  
  130  6:57  Overlord  
  130  7:01  Roach x2  
  133  7:11  Drone, Hatchery  
  133  7:13  Mutalisk x2  
  133  7:15  Overlord  
  137  7:17  Roach x2  
  137  7:19  Overlord  
  137  7:22  Overlord  
  141  7:26  Roach x2  
  145  7:32  Overlord  
  145  7:34  Roach x4  
  151  7:43  Roach x2  
  155  7:46  Drone  
  155  7:48  Overlord x3  
  156  7:55  Ravager x3  
  156  7:56  Ravager x4  
  163  7:58  Roach x5  
  163  8:04  Drone x2, Overlord  
  175  8:11  Drone, Infestation Pit  
  175  8:14  Baneling x5  
  175  8:20  Roach x6  
  175  8:23  Queen  
  180  8:34  Corruptor x2  
  180  8:37  Corruptor  
  180  8:40  Corruptor  
  171  8:45  Corruptor  
  159  8:50  Corruptor  
  142  8:56  Corruptor  
  126  9:05  Corruptor  
  126  9:06  Corruptor  
  124  9:12  Corruptor x2, Spore Crawler  
  124  9:16  Spore Crawler  
  130  9:17  Roach x3  
  130  9:19  Roach x3  
  138  9:27  Roach  
  138  9:31  Corruptor x2  
  136  9:34  Spore Crawler  
  136  9:35  Spore Crawler  
  134  9:39  Spore Crawler  
  134  9:44  Corruptor x3  
  137  9:50  Roach x5  
  141  9:53  Overlord  
  141  9:57  Zerg Flyer Weapons Level 1  
  141  10:01  Corruptor  
  141  10:07  Corruptor x2  
  141  10:13  Zergling x8  
  141  10:14  Zergling x4  
  151  10:18  Corruptor x2  
  155  10:23  Overlord  
  155  10:27  Corruptor  
  155  10:28  Corruptor  
  159  10:37  Corruptor x2  
  163  10:48  Corruptor x2  
  165  10:52  Roach  
  165  10:53  Roach x5  
  176  11:03  Roach x6  
  184  11:11  Corruptor x2  
  178  11:21  Corruptor x2  
  180  11:32  Roach x5  
  174  11:40  Roach x4  
Show
View Real Time Build Order
Export as new Build Order

Reynor Zerg 

Build Orders: Hatch First 

Get SALT Encoding   

  12  0:00  Drone  
  13  0:12  Overlord  
  13  0:16  Drone  
  14  0:31  Drone x2  
  16  0:48  Hatchery  
  15  0:51  Drone  
  15  0:54  Drone  
  17  0:58  Drone  
  18  1:08  Extractor  
  17  1:13  Spawning Pool  
  17  1:16  Drone  
  17  1:20  Drone  
  18  1:27  Drone  
  19  1:38  Drone  
  20  1:49  Drone  
  21  1:59  Overlord  
  21  2:01  Queen x2, Zergling x2  
  26  2:08  Metabolic Boost  
  26  2:10  Drone  
  26  2:12  Drone  
  28  2:21  Drone x2  
  30  2:35  Hatchery  
  29  2:37  Drone  
  29  2:40  Drone  
  29  2:42  Drone  
  32  2:45  Drone  
  33  2:52  Evolution Chamber  
  33  2:53  Overlord  
  33  2:55  Drone  
  33  3:02  Queen  
  35  3:06  Zergling x2  
  35  3:11  Zergling x6  
  39  3:13  Zergling x2  
  39  3:15  Drone  
  40  3:22  Zerg Ground Armor Level 1  
  40  3:23  Zergling x2  
  41  3:27  Overlord  
  41  3:30  Drone  
  41  3:32  Drone  
  43  3:45  Zergling x4  
  43  3:47  Drone x3  
  43  3:48  Drone x2  
  50  3:52  Drone x2  
  52  3:58  Zergling x2  
  53  4:03  Overlord  
  53  4:05  Zergling x2  
  53  4:09  Drone  
  55  4:11  Drone  
  55  4:12  Drone x2  
  55  4:15  Overlord  
  58  4:18  Lair  
  58  4:21  Drone x3  
  58  4:22  Drone x2  
  58  4:23  Overlord  
  62  4:29  Roach Warren  
  61  4:33  Drone x3, Extractor  
  61  4:34  Extractor  
  61  4:36  Drone x2  
  64  4:38  Drone  
  64  4:43  Drone  
  64  4:44  Drone  
  67  4:47  Overlord  
  67  4:52  Drone x6  
  73  4:56  Overlord  
  73  4:58  Drone x2  
  75  5:00  Extractor  
  75  5:01  Overlord  
  75  5:04  Extractor  
  72  5:15  Drone x3  
  72  5:20  Glial Reconstitution  
  72  5:21  Zerg Missile Weapons Level 1  
  74  5:22  Overseer  
  74  5:23  Hatchery  
  73  5:30  Drone x2  
  73  5:32  Drone  
  73  5:33  Overlord  
  76  5:40  Queen  
  76  5:41  Roach  
  76  5:42  Roach x7  
  93  5:45  Roach  
  93  5:48  Overlord  
  95  5:53  Roach x4  
  101  5:58  Overlord  
  101  6:02  Roach, Zergling x10  
  101  6:03  Zergling x2  
  107  6:08  Drone, Extractor  
  105  6:14  Roach x2  
  109  6:19  Roach  
  109  6:20  Roach  
  109  6:22  Roach x4  
  109  6:25  Drone x2  
  123  6:28  Drone  
  123  6:30  Roach, Spire  
  125  6:36  Drone x2  
  125  6:38  Overlord  
  127  6:42  Drone  
  124  6:47  Roach x2  
  124  6:49  Queen x2  
  124  6:54  Drone x2  
  130  6:59  Unknown  
  119  7:03  Roach x3, Zergling x10  
  117  7:09  Roach x5  
  117  7:13  Drone  
  117  7:14  Spore Crawler  
  117  7:15  Overlord  
  120  7:17  Roach x4  
  120  7:19  Drone  
  120  7:22  Drone  
  128  7:23  Spore Crawler  
  128  7:26  Overlord  
  125  7:30  Drone  
  125  7:31  Overlord  
  125  7:33  Roach x3  
  130  7:38  Roach x4  
  130  7:43  Overlord  
  135  7:48  Mutalisk x3  
  135  7:49  Mutalisk  
  143  7:53  Mutalisk  
  143  7:57  Mutalisk x2  
  146  8:00  Mutalisk x2  
  146  8:03  Mutalisk  
  152  8:07  Mutalisk x2  
  152  8:08  Mutalisk  
  152  8:11  Overlord  
  158  8:13  Mutalisk  
  158  8:18  Zerg Flyer Weapons Level 1  
  158  8:19  Overlord  
  160  8:26  Overlord  
  160  8:30  Roach  
  160  8:31  Roach x4  
  158  8:36  Mutalisk x2  
  158  8:39  Roach x3, Zergling x2  
  137  8:53  Mutalisk  
  137  8:54  Drone x3  
  135  9:01  Mutalisk x2  
  127  9:03  Drone x6  
  133  9:15  Mutalisk  
  135  9:17  Spore Crawler  
  135  9:18  Unknown  
  135  9:22  Mutalisk  
  135  9:27  Mutalisk  
  135  9:29  Drone x3  
  133  9:37  Mutalisk x2  
  130  9:45  Mutalisk  
  127  9:49  Drone x5  
  127  9:52  Queen  
  128  9:53  Mutalisk  
  128  9:58  Drone  
  128  9:59  Drone x2  
  125  10:02  Mutalisk  
  125  10:04  Zergling x14  
  132  10:08  Extractor  
  132  10:09  Mutalisk  
  132  10:11  Spore Crawler  
  132  10:13  Mutalisk  
  131  10:15  Drone x3  
  131  10:19  Mutalisk  
  131  10:21  Drone x3  
  141  10:23  Mutalisk  
  143  10:29  Mutalisk  
  143  10:33  Queen  
  143  10:34  Mutalisk  
  149  10:35  Spore Crawler x2  
  149  10:36  Spore Crawler  
  149  10:37  Overlord  
  149  10:38  Mutalisk  
  149  10:40  Drone  
  149  10:47  Mutalisk x2  
  149  10:49  Zergling x2  
  154  10:50  Zergling x10  
  158  11:00  Mutalisk x2  
  158  11:01  Mutalisk  
  161  11:05  Mutalisk  
  161  11:08  Drone x3  
  161  11:09  Zergling x6  
  167  11:14  Overlord x2  
  167  11:16  Overlord  
  165  11:20  Mutalisk  
  165  11:23  Spore Crawler x2  
  155  11:25  Mutalisk  
  155  11:26  Mutalisk x2  
  155  11:30  Mutalisk  
  149  11:36  Mutalisk  
  149  11:38  Zergling x10  
  144  11:40  Mutalisk  

Tags
 
Add a new tag
Caveats
  • Supply blocks, unpowered buildings, or Contaminate may cause inaccurate times.
  • Supply counts are checked every 10 seconds.